 Dungeon Crawl Stone Soup version 0.20.1-1-g8b1a95d (webtiles) character file.

2237 Sayu92 the Basher (level 9, -14/57 HPs)
             Began as a Gargoyle Fighter on Dec 13, 2017.
             Was a Follower of Okawaru.
             Demolished by a two-headed ogre
             ... wielding a +0 giant spiked club
              (26 damage)
             ... on level 8 of the Dungeon.
             The game lasted 00:35:54 (7117 turns).

Sayu92 the Basher (Gargoyle Fighter)                Turns: 7117, Time: 00:35:55

Health: -14/57     AC: 21    Str: 22 (24) XL:     9   Next: 36%
Magic:  9/9        EV:  4    Int:  7 (8)  God:    Okawaru [*.....]
Gold:   309        SH:  9    Dex:  6 (9)  Spells: 8/8 levels left

rFire    . . .     SeeInvis .   v - +1 morningstar (distort)
rCold    . . .     Gourm    .   c - +0 shield
rNeg     + + .     Faith    .   p - +0 plate armour
rPois    ∞         Spirit   .   n - +1 helmet
rElec    +         Reflect  .   (no cloak)
rCorr    .         Harm     .   (no gloves)
MR       .....                  (no boots)
Stlth    ..........             (no amulet)
Regen    0.2/turn               b - ring of positive energy
MPRegen  0.2/turn               (no ring)

@: hasted and slowed
A: negative energy resistance 1, electricity resistance, unbreathing,
petrification resistance, rot immunity, AC +5
a: Heroism, Renounce Religion


You were on level 8 of the Dungeon.
You worshipped Okawaru.
Okawaru was aware of your devotion.
You were not hungry.

You visited 2 branches of the dungeon, and saw 9 of its levels.

You collected 309 gold pieces.

Inventory:

Hand Weapons
 a - a +0 flail
 v - a +1 morningstar of distortion (weapon)
Missiles
 l - 11 tomahawks (quivered)
 A - 2 tomahawks of dispersal
 I - 2 throwing nets
Armour
 c - a +0 shield (worn)
 n - a +1 helmet (worn)
 p - a +0 plate armour (worn)
 w - a +3 ring mail of cold resistance
Jewellery
 b - a ring of positive energy (left hand)
Wands
 z - a wand of iceblast (7/15)
 G - a wand of flame (8/48)
 J - a wand of acid (7/15)
Scrolls
 e - 2 scrolls of remove curse
 h - 3 scrolls of amnesia
 k - 2 scrolls of magic mapping
 m - a scroll of blinking {unknown}
 s - 2 scrolls of fog
 y - 2 scrolls of enchant armour
 B - a scroll of teleportation
 C - a scroll of enchant weapon {unknown}
Potions
 d - a potion of might
 g - 2 potions of lignification
 j - 8 potions of curing
 o - a potion of haste
 r - a potion of heal wounds
 u - a potion of mutation
 x - a potion of flight
 D - a potion of brilliance
 E - a potion of degeneration
 F - a potion of ambrosia
Books
 H - a book of Debilitation

   Spells                             Type                      Level
   a - Corona                         Hexes                        1
   b - Slow                           Hexes                        2
   c - Inner Flame                    Hexes/Fire                   3
   d - Portal Projectile              Hexes/Translocation          3
   e - Cause Fear                     Hexes                        4
   f - Leda's Liquefaction            Hexes/Earth                  4
Comestibles
 f - 8 bread rations
 i - 6 meat rations
 q - 12 fruits
 t - 3 royal jellies


   Skills:
 + Level 7.2 Fighting
 * Level 9.0 Maces & Flails
 + Level 7.5 Armour
 - Level 3.2 Shields


You had 8 spell levels left.
You didn't know any spells.

Dungeon Overview and Level Annotations

Branches:
Dungeon (8/15)             Temple (1/1) D:6
   Lair: D:8-11

Altars:
Ashenzari
Cheibriados
Dithmenos
Elyvilon
Fedhas
Kikubaaqudgha
Makhleb
Nemelex Xobeh
Okawaru
Qazlal
Ru
Sif Muna
Trog
Uskayaw
Vehumet
Xom
Yredelemnul
Zin
The Shining One

Annotations:
D:8 Erica


Innate Abilities, Weirdness & Mutations

You are resistant to torment.
Your stone body is resilient. (AC +5)
You are immune to poison.
You resist negative energy. (rN+)
You are resistant to electric shocks. (rElec)
You can survive without breathing.
You are immune to petrification.
You are immune to rotting.


Message History

Erica disappears!
You see here an adder corpse.
The two-headed ogre hits you with a giant spiked club.
The two-headed ogre hits you with a giant club!!
You sock the two-headed ogre!
Space bends around the two-headed ogre.
The two-headed ogre is moderately wounded.
The two-headed ogre hits you but does no damage.
The two-headed ogre completely misses you.
You completely miss the two-headed ogre.
The two-headed ogre is moderately wounded.
The two-headed ogre hits you with a giant spiked club!!
* * * LOW HITPOINT WARNING * * *
You block the two-headed ogre's attack.
You feel better.
The two-headed ogre hits you with a giant spiked club.
* * * LOW HITPOINT WARNING * * *
The two-headed ogre hits you but does no damage.
You feel yourself speed up.
The two-headed ogre hits you with a giant spiked club!!
You die...

#. ...# #. ...# ##.##
...# ##...# ..#
##....####.#
##.#......(.#
#...........####.#
#........O@.......
#......†....#.....
###...%###$.#.##.# .#.#
#.....O........##.#.#
#.....##..#....#....#
#.#...##..#..#......##
##.###..##..#..#.......##
#.# ##.....#...........#
##.###.....<...#.#......#


You could see a two-headed ogre.

Vanquished Creatures
  Prince Ribbit (D:6)
  Sigmund (D:5)
  An orc warrior (D:7)
  A phantom (D:6)
  2 black bears (D:6)
  2 centaurs
  A big kobold (D:7)
  4 bullfrogs
  2 scorpions
  A howler monkey (D:6)
  2 crimson imps
  A centaur zombie (D:6)
  A bullfrog zombie (D:7)
  2 hounds
  A jelly (D:8)
  5 orc wizards
  A centaur skeleton (D:5)
  An orc priest (D:4)
  5 worker ants
  2 hound skeletons
  A worker ant zombie (D:6)
  7 adders
  A shadow imp (D:5)
  An ooze (D:2)
  2 adder skeletons (D:4)
  2 worms (D:2)
  A dart slug (D:4)
  5 leopard geckos
  24 orcs
  12 giant cockroaches
  2 goblins
  8 hobgoblins
  4 jackals (D:6)
  5 quokkas
  8 bats
  5 frilled lizards
  7 kobolds
  9 rats
141 creatures vanquished.

Vanquished Creatures (others)
  An ogre (D:5)
  A crimson imp (D:6)
  An orc priest (D:6)
  A bullfrog skeleton (D:6)
  An adder (D:8)
  A leopard gecko (D:2)
  An orc (D:6)
7 creatures vanquished.

Grand Total: 148 creatures vanquished

Notes
Turn   | Place    | Note
-------+----------+-------------------------------------------
     0 | D:1      | Sayu92 the Gargoyle Fighter began the quest for the Orb.
     0 | D:1      | Reached XP level 1. HP: 14/14 MP: 1/1
    56 | D:1      | Reached XP level 2. HP: 19/19 MP: 2/2
   527 | D:1      | Reached XP level 3. HP: 23/23 MP: 3/3
   721 | D:1      | Reached skill level 3 in Maces & Flails
   908 | D:2      | Reached XP level 4. HP: 29/29 MP: 4/4
  1078 | D:2      | Found a glowing golden altar of the Shining One.
  1144 | D:2      | Found a basalt altar of Yredelemnul.
  1581 | D:2      | Noticed an angel
  1943 | D:3      | Found a blossoming altar of Fedhas.
  2177 | D:3      | Reached XP level 5. HP: 31/33 MP: 5/5
  2441 | D:4      | Reached skill level 4 in Maces & Flails
  2750 | D:4      | Reached XP level 6. HP: 39/39 MP: 6/6
  3025 | D:4      | Found a shimmering altar of Xom.
  3447 | D:4      | Reached skill level 5 in Maces & Flails
  3465 | D:5      | Entered Level 5 of the Dungeon
  3538 | D:5      | Reached skill level 5 in Armour
  3604 | D:5      | Reached XP level 7. HP: 39/44 MP: 7/7
  3638 | D:5      | Found a shattered altar of Ashenzari.
  3711 | D:5      | Noticed Sigmund
  4100 | D:5      | Killed Sigmund
  4100 | D:5      | Reached skill level 5 in Fighting
  4100 | D:5      | Reached skill level 6 in Maces & Flails
  4541 | D:6      | Found a staircase to the Ecumenical Temple.
  4581 | Temple   | Entered the Ecumenical Temple
  4604 | Temple   | Became a worshipper of Warmaster Okawaru
  4685 | D:6      | Found a sacrificial altar of Ru.
  4698 | D:6      | Noticed Prince Ribbit
  4710 | D:6      | Reached XP level 8. HP: 4/50 MP: 8/8
  5392 | D:6      | Reached skill level 7 in Maces & Flails
  5481 | D:6      | Noticed a dagger
  5483 | D:6      | Noticed a hand axe
  5515 | D:6      | Found a hide-covered altar of Uskayaw.
  5561 | D:6      | Reached * piety under Okawaru
  5716 | D:6      | Killed Prince Ribbit
  5716 | D:6      | Reached skill level 8 in Maces & Flails
  5716 | D:6      | Reached XP level 9. HP: 22/56 MP: 9/9
  6396 | D:7      | Found a radiant altar of Vehumet.
  6866 | D:8      | Noticed a two-headed ogre
  6975 | D:8      | Reached skill level 9 in Maces & Flails
  7034 | D:8      | Noticed a troll
  7098 | D:8      | Noticed Erica
  7117 | D:8      | Demolished by a two-headed ogre

Skill      XL: |  1  2  3  4  5  6  7  8  9 |
---------------+----------------------------+-----
Maces & Flails | 3 4 5 6 8 9 |  9.0
Armour         | 4 5 7 |  7.5
Fighting       | 4 5 6 7 |  7.2
Shields        | |  3.2

Action                   |  1- 3 |  4- 6 |  7- 9 || total
-------------------------+-------+-------+-------++-------
Melee: Flail             |    98 |   139 |       ||   237
       Morningstar       |       |    50 |   224 ||   274
Throw: Tomahawk          |       |       |    11 ||    11
  Use: Scroll            |     1 |     5 |     6 ||    12
       Potion            |       |     2 |     5 ||     7
  Eat: Chunk             |       |     9 |    11 ||    20
Armor: Scale mail        |    78 |    13 |       ||    91
       Chain mail        |       |    82 |       ||    82
       Ring mail         |       |     7 |    84 ||    91
       Plate armour      |       |       |    33 ||    33
Dodge: Dodged            |    25 |    39 |    58 ||   122
Block: Shield            |    55 |    89 |   110 ||   254
